 Dungeon Crawl Stone Soup version 0.30-b1-2-g02819fbbbe (webtiles) character file.

Game seed: 7071114321684199829

7 redmage the Digger (level 2, 0/20 HPs)
             Began as a Meteoran Earth Elementalist on Aug 15, 2023.
             Slain by Edmund
             ... wielding a +4 flail of holy wrath
              (13 damage)
             ... on level 5 of the Dungeon.
             The game lasted 00:02:03 (155 turns).

redmage the Digger (Meteoran Earth Elementalist)     Turns: 155, Time: 00:02:03

Health: 0/20       AC:  2    Str:  9    XL:     2   Next: 17%
Magic:  7/7        EV: 12    Int: 16    God:
Gold:   82         SH:  0    Dex: 14    Spells: 6/7 levels left

rFire   . . .        (no weapon)
rCold   . . .        (no shield)
rNeg    . . .        a - +0 robe
rPois   .            (no helmet)
rElec   .            (no cloak)
rCorr   .            (no gloves)
SInv    .            (no boots)
Will    .....        (no amulet)
Stlth   +            (no ring)
HPRegen 0.23/turn    (no ring)
MPRegen 0.10/turn

%: no passive effects
@: glowing
A: sense surroundings 1, otherworldly, glowing, explore regen
a: no special abilities


You were on level 5 of the Dungeon.
You visited 1 branch of the dungeon, and saw 5 of its levels.

You collected 82 gold pieces.

Inventory:

Armour
 a - a +0 robe (worn)
Scrolls
 f - a scroll of torment {unknown}
 g - a scroll of identify {unknown}
 i - a scroll of fog {unknown}
Potions
 b - a potion of magic
 c - a potion of might {unknown}
 d - a potion of flight {unknown}
 h - a potion of curing {unknown}


   Skills:
 - Level 2.4 Dodging
 - Level 1.4 Stealth
 + Level 3.0 Spellcasting
 - Level 1.2 Transmutations
 + Level 3.9 Earth Magic


You had 6 spell levels left.
You knew the following spells:

 Your Spells              Type           Power      Damage    Failure   Level
a - Sandblast             Erth           30%        2d9       3%          1

Your spell library contained the following spells:

 Spells                   Type           Power      Damage    Failure   Level
 Passwall                 Tmut/Erth      8%         N/A       10%         2
 Stone Arrow              Conj/Erth      16%        3d8       26%         3
 Petrify                  Tmut/Erth      10%        N/A       54%         4


Dungeon Overview and Level Annotations

Branches:
Dungeon (5/15) Zot: 2840
 Temple: D:4-7

Altars:

Annotations:
D:5 Edmund


Innate Abilities, Weirdness & Mutations

You passively map a small area around you.
You are easily found by Zot.
You glow in the dark.
You regain HP and MP as you explore.


Message History

You climb downwards.
The hobgoblin shouts!
Found three items.
Found a stone staircase leading down.
There is a stone staircase leading up here.
Casting: Sandblast (safe; 3% risk of failure)
Confirm with . or Enter, or press ? or * to list all spells.
Aiming: Sandblast (safe; 3% risk of failure)
Press: ? - help, Shift-Dir - straight line, f - hobgoblin
Aim: a hobgoblin (82% to hit)
The blast of sand hits the hobgoblin!
You kill the hobgoblin!
Unknown command.
Casting: Sandblast (safe; 3% risk of failure)
Confirm with . or Enter, or press ? or * to list all spells.
Okay, then.
f - a scroll labelled ULOEHO OHIA
g - a scroll labelled WAOGHON RUFIKA
h - a fuming purple potion
There is a stone staircase leading down here.
You climb downwards.
Found 15 gold pieces and a scroll labelled FOAGRE UHATOSCH.
There is a stone staircase leading up here.
You now have 82 gold pieces (gained 15).
i - a scroll labelled FOAGRE UHATOSCH
Found 2 boomerangs.
Edmund the Younger comes into view.
He is wielding a +4 flail of holy wrath.
Edmund moves out of view.
Edmund hits you with a +4 flail of holy wrath!
Okay, then.
Press: ? - help, v - describe, . - travel
Here: Edmund, wielding a +4 flail of holy wrath and wearing a +0 chain mail The floor.
Unknown command.
Unknown command.
As you read the scroll labelled XIKHLI JEOTH, it crumbles to dust.
The creatures around you are filled with an inner flame!
It was a scroll of immolation.
Edmund hits you with a +4 flail of holy wrath!
Ouch! That really hurt!
You die...

##########.# * *
#####........#.#
, , ,
#.#.#.......#.<#*
,
##.#.......#.#.#
,
..........#.##.#
, , ,
.........#.###.#*
, , ........#.##
#.#* , ,
......@#.## #.# ,
, * , #@## #.# *
#.#.......#* (.#
######. * 8..., *
,, , , ..... *, ,
, , ...8. ,, *, ,
.... , , * ,
..8., , * , , , ,
, , *


You could see Edmund (inner flame).

Vanquished Creatures
  An endoplasm (D:1)
  A hobgoblin (D:4)
  2 bats (D:1)
  A frilled lizard (D:3)
  A kobold (D:1)
  2 rats
8 creatures vanquished.

Notes
Turn   | Place    | Note
-------+----------+-------------------------------------------
     0 | D:1      | redmage the Meteoran Earth Elementalist began the quest for
                  | the Orb.
     0 | D:1      | Reached XP level 1. HP: 14/14 MP: 5/5
    69 | D:2      | Reached XP level 2. HP: 20/20 MP: 3/6
   103 | D:3      | Identified the amulet "Hitoz" {Spirit Int+3}
   137 | D:5      | Entered Level 5 of the Dungeon
   153 | D:5      | Noticed Edmund
   155 | D:5      | Slain by Edmund

Illustrated notes

Levels and vault maps discovered:
D:1:      dpeg_arrival_tiny_a, layout_rooms, minmay_misc_feat_encased,
          minmay_misc_feat_columns, minmay_misc_feat_tiny, minivault_26,
          hangedman_decor_peaks_small, bh_walls_and_bars
D:2:      layout_rooms, feat_on_display
D:3:      layout_loops_cross, gammafunk_ghost_stat_death,
          minmay_gold_behind_fungi
D:4:      layout_basic
D:5:      wad_pebble_path, layout_basic, kennysheep_mini_moat,
          grunt_gozag_breadcrumbs, minmay_temple_entry_purple_smoke, uniq_pikel,
          uniq_edmund

Skill      XL: |  1  2 |
---------------+-------+-----
Spellcasting   | 3 |  3.0
Dodging        | |  2.4
Stealth        | |  1.4
Transmutations | |  1.2
Earth Magic    | |  3.9

Action                     || total
---------------------------++-------
   Cast: Sandblast         ||     9
    Use: Scroll            ||     1
